 Dungeon Crawl Stone Soup version 0.25-a0-713-g4845790874 (webtiles) character file.

Game seed: 10347951282623879535, levelgen mode: deterministic

10 Ankalagon the Magician (level 2, -1/13 HPs)
             Began as a Spriggan Air Elementalist on Apr 5, 2020.
             Killed from afar by a dart slug (3 damage)
             ... with a slug dart
             ... on level 1 of the Dungeon.
             The game lasted 00:01:16 (129 turns).

Ankalagon the Magician (Spriggan Air Elementalist)   Turns: 129, Time: 00:01:17

Health: -1/13      AC:  2    Str:  4    XL:     2   Next: 10%
Magic:  0/7        EV: 18    Int: 16    God:
Gold:   0          SH:  0    Dex: 16    Spells: 6/7 levels left

rFire    . . .     SeeInvis +   (weapon restricted)
rCold    . . .     Gourm    .   (shield restricted)
rNeg     . . .     Faith    .   a - +0 robe
rPois    .         Spirit   .   (helmet restricted)
rElec    .         Reflect  .   (no cloak)
rCorr    .         Harm     .   (gloves unavailable)
MR       .....                  (boots unavailable)
Stlth    ++........             (no amulet)
HPRegen  0.04/turn              (no ring)
MPRegen  0.10/turn              (no ring)

@: very quick
A: very small, unfitting armour, see invisible, herbivore, speed 3, slow
metabolism 2
a: no special abilities


You were on level 1 of the Dungeon.
You were not hungry.

You visited 1 branch of the dungeon, and saw 1 of its levels.

Inventory:

Missiles
 d - 6 stones (quivered)
Armour
 a - a +0 robe (worn)
Potions
 b - a potion of haste {unknown}
Comestibles
 c - a ration


   Skills:
 - Level 3.0 Dodging
 - Level 3.0 Stealth
 + Level 3.2 Spellcasting
 + Level 1.1 Conjurations
 - Level 2.6 Air Magic


You had 6 spell levels left.
You knew the following spells:

 Your Spells              Type           Power        Failure   Level  Hunger
e - Shock                 Conj/Air       #...         9%          1    None

Your spell library contained the following spells:

 Spells                   Type           Power        Failure   Level  Hunger
 Swiftness                Chrm/Air       #.......     16%         2    ##.....
 Static Discharge         Conj/Air       #.......     24%         3    ###....
 Airstrike                Air            ##........   52%         4    ####...
 Lightning Bolt           Conj/Air       #.........   92%         5    ######.


Dungeon Overview and Level Annotations

Branches:
Dungeon (1/15)

Altars:


Innate Abilities, Weirdness & Mutations

You are very small and have problems with some larger weapons.
You are too small for most types of armour.
You have supernaturally acute eyesight. (SInv)
You are a herbivore.
You cover ground extremely quickly.
You need to consume almost no food.


Message History

Aiming: Shock (safe; 9% risk of failure)
Press: ? - help, Shift-Dir - straight line, f/p - dart slug
Aim: a dart slug (moderately wounded)
The zap hits the dart slug.
The dart slug is almost dead.
You hit the dart slug but do no damage.
The dart slug is almost dead.
The dart slug launches a dart at you. The slug dart misses you.
Throwing (i - inventory)
d - 7 stones (quivered)
Press: ? - help, Shift-Dir - straight line, f/p - dart slug
Aim: a dart slug (almost dead)
You throw a stone. The stone hits the dart slug.
The dart slug is almost dead.
The dart slug launches a dart at you. The slug dart hits you.
* * * LOW HITPOINT WARNING * * *
The dart slug launches a dart at you. The slug dart hits you.
You die...

.........# ...(.....#
....w..(g#######
.........(†....#
##############.#
##########)##########
##........w..........##
#..........⌠..........#
#.....@⌠.......⌠......#
##...................##
##..⌠...⌠...⌠...⌠..##
##....(......[...##
##.⌠....⌠....⌠.##
##...........##
##..⌠...⌠..##
##.......## ##..<..##


You could see a dart slug.

Vanquished Creatures
  2 leopard geckos (D:1)
  2 giant cockroaches (D:1)
  2 hobgoblins (D:1)
  A frilled lizard (D:1)
7 creatures vanquished.

Notes
Turn   | Place    | Note
-------+----------+-------------------------------------------
     0 | D:1      | Ankalagon the Spriggan Air Elementalist began the quest for
                  | the Orb.
     0 | D:1      | Reached XP level 1. HP: 9/9 MP: 5/5
    47 | D:1      | Reached skill level 1 in Conjurations
   116 | D:1      | Reached XP level 2. HP: 6/13 MP: 1/7
   129 | D:1      | Killed from afar by a dart slug

Levels and vault maps discovered:
D:1:      dpeg_arrival_lava_temple_mockup, layout_basic

Skill      XL: |  1 |
---------------+----+-----
Spellcasting   | 3 |  3.2
Conjurations   | 1 |  1.1
Dodging        | |  3.0
Stealth        | |  3.0
Air Magic      | |  2.6

Action                   || total
-------------------------++-------
Melee: Unarmed           ||    12
Throw: Stone             ||    21
 Cast: Shock             ||    11
Armor: Robe              ||     2
Dodge: Dodged            ||    25

Table legend:
 A = Non-vault XP
 B = Vault XP
 C = Vault XP percentage of total XP
 D = Non-vault monster count
 E = Vault monster count
 F = Vault count percentage of total count
                 A         B        C        D         E       F
            +---------+---------+-------+---------+---------+-------
      Total |      15 |       0 |   0.0 |       7 |       0 |   0.0
            +---------+---------+-------+---------+---------+-------
        D:1 |      15 |       0 |   0.0 |       7 |       0 |   0.0
            +---------+---------+-------+---------+---------+-------
